 Dungeon Crawl Stone Soup version 0.17-a0-877-ga10078a (webtiles) character file.

161 hornqvist the Sneak (level 5, -7/34 HPs)
             Began as an Octopode Assassin on Apr 30, 2015.
             Was an Initiate of Gozag.
             Killed from afar by a white imp (11 damage)
             ... with a puff of frost
             ... summoned by Natasha
             ... on level 3 of the Dungeon.
             The game lasted 00:06:23 (3577 turns).

hornqvist the Sneak (Octopode Assassin)             Turns: 3577, Time: 00:06:24

Health: -7/34      AC:  1    Str: 12    XL:     5   Next: 42%
Magic:  8/8        EV: 12    Int: 13    God:    Gozag
Gold:   379        SH:  0    Dex: 13    Spells: 0 memorised, 8 levels left

rFire  . . .     SeeInvis .     b - +0 blowgun
rCold  . . .     Clarity  .     (no shield)
rNeg   . . .     SustAb   .     (helmet restricted)
rPois  .         Gourm    .     (no amulet)
rElec  .         Spirit   .     (no ring)
rCorr  .         Warding  .     (no ring)
rMut   .         Stasis   .     (no ring)
MR     .....                    (no ring)
Stlth  +++++.....               (no ring)
                                (no ring)
                                (no ring)
                                (no ring)

@: flying, not resistant to hostile enchantments, quite stealthy
A: almost no armour, amphibious, 8 rings, constrict 8, camouflage 1, gelatinous
body 1
a: Potion Petition, Call Merchant, Bribe Branch, Renounce Religion


You were on level 3 of the Dungeon.
You worshipped Gozag.
Gozag was noncommittal.
You were not hungry.

You visited 1 branch of the dungeon, and saw 4 of its levels.

You collected 418 gold pieces.
You paid 39 gold pieces to Gozag.

Inventory:

Hand weapons
 a - a +2 dagger
 b - a +0 blowgun (weapon)
Missiles
 c - 2 poisoned needles (quivered)
 d - 2 curare-tipped needles
Magical devices
 q - a wand of random effects (30)
Scrolls
 e - a scroll of teleportation {unknown}
 f - a scroll of identify {unknown}
 h - 2 scrolls of enchant weapon {unknown}
 i - 2 scrolls of enchant armour {unknown}
 j - a scroll of blinking {unknown}
 k - a scroll of fog {unknown}
 l - 2 scrolls of recharging {unknown}
 n - 2 scrolls of magic mapping {unknown}
 s - a scroll of remove curse {unknown}
 t - 2 scrolls of noise {unknown}
Comestibles
 g - 2 meat rations


   Skills:
 - Level 2.0 Fighting
 - Level 2.0 Throwing
 + Level 2.5 Dodging
 * Level 7.4 Stealth
 + Level 2.0 Spellcasting


You had 8 spell levels left.
You didn't know any spells.

Dungeon Overview and Level Annotations

Branches:
Dungeon (4/15)
 Temple: D:4-7

Altars:
Elyvilon
Gozag
Nemelex Xobeh
Trog
Yredelemnul
Zin

Annotations:
D:3 1 exclusion, Grinder; Natasha
D:4 sose's ghost, average VSWz


Innate Abilities, Weirdness & Mutations

You cannot wear most types of armour.
You are amphibious.
You can wear up to eight rings at the same time.
You can use your tentacles to constrict eight enemies at once.
Your skin changes colour to match your surroundings (Stealth).
Your rubbery body absorbs attacks (AC +1).


Message History

Natasha claws you!
* * * LOW HITPOINT WARNING * * *
You take 9 damage, and have 5/34 hp.
MASSIVE DAMAGE!!
You're too confused to move!
The kobold closely misses you.
Grinder gestures.
Grinder blinks!
The crimson imp summons a swarm of flies.
Natasha completely misses you.
Unknown command.
The crimson imp hits you.
* * * LOW HITPOINT WARNING * * *
Natasha casts a spell.
Suddenly you are surrounded with a pale green light.
Natasha zaps a wand.
You resist with some effort.
You take 1 damage, and have 4/34 hp.
You feel less confused. The white imp gestures at you.
The puff of frost hits you!
You die...
Your body crumbles into a pile of gold.

.......[.............#. #.#
................###.....
.........#.....###....... ...#
......##.########...............#
..#....#..######.................
#.####..(..........(..(..........
#.#####.......5#.................
...S.###.........................
#.##..........hK@................
#.#...##.....).5.................
#...#.......................$..<.
#.....###(......#......##.....#.#
........(.......#.(########..##.#
#.....####......#..# #..##.#
#.....# #.........########.....#
####### ##(...#......#..#####...
#######.........## ####


You could see Natasha, a crimson imp, a white imp and a kobold.

Vanquished Creatures
  Ijyb (D:3)
  Natasha (D:3)
  4 adders
  2 worms
  3 giant geckos
  3 orcs (D:3)
  3 giant cockroaches (D:3)
  10 goblins
  8 hobgoblins
  9 kobolds
  2 quokkas (D:3)
  A ball python (D:1)
  4 bats
  3 giant newts
  2 rats
56 creatures vanquished.

Notes
Turn   | Place    | Note
--------------------------------------------------------------
     0 | D:1      | hornqvist, the Octopode Assassin, began the quest for the Orb.
     0 | D:1      | Reached XP level 1. HP: 14/14 MP: 1/1
   212 | D:1      | Reached XP level 2. HP: 19/19 MP: 3/3
   316 | D:1      | Reached skill level 1 in Spellcasting
   470 | D:1      | Reached skill level 6 in Stealth
   825 | D:2      | Reached XP level 3. HP: 22/24 MP: 4/4
  1258 | D:2      | Found an opulent altar of Gozag.
  1263 | D:2      | Found a basalt altar of Yredelemnul.
  1265 | D:2      | Became a worshipper of Gozag Ym Sagoz the Greedy
  1372 | D:2      | Found a glowing silver altar of Zin.
  1375 | D:2      | Found a sparkling altar of Nemelex Xobeh.
  1376 | D:2      | Found a white marble altar of Elyvilon.
  1377 | D:2      | Found a bloodstained altar of Trog.
  1712 | D:3      | Noticed Grinder
  1822 | D:3      | Reached XP level 4. HP: 25/29 MP: 5/5
  2405 | D:3      | Reached skill level 7 in Stealth
  2823 | D:3      | Noticed Ijyb
  2838 | D:3      | Killed Ijyb
  2838 | D:3      | Reached XP level 5. HP: 19/34 MP: 7/7
  3005 | D:3      | Noticed Natasha
  3014 | D:3      | Killed Natasha
  3098 | D:4      | Noticed sose's ghost (average VSWz)
  3540 | D:3      | Noticed Natasha
  3577 | D:3      | Killed from afar by a white imp

Action                   |  1- 3 |  4- 6 || total
-------------------------+-------+-------++-------
Melee: Dagger            |    58 |    46 ||   104
       Blowgun           |       |     1 ||     1
 Fire: Blowgun           |       |    22 ||    22
  Use: Potion            |       |     4 ||     4
 Stab: Sleeping          |    13 |     9 ||    22
       Distracted        |       |     1 ||     1
  Eat: Bread ration      |     1 |       ||     1
       Chunk             |     1 |       ||     1
       Meat ration       |       |     1 ||     1
